 Dungeon Crawl Stone Soup version 0.23.0 (webtiles) character file.

Game seed: 2045449753529993116

796 Borgoz the Chopper (level 7, -5/40 HPs)
             Began as a Gargoyle Gladiator on Feb 9, 2019.
             Splashed by Pikel's acid (16 damage)
             ... on level 4 of the Dungeon.
             The game lasted 00:05:06 (3106 turns).

Borgoz the Chopper (Gargoyle Gladiator)             Turns: 3106, Time: 00:05:07

Health: -5/40      AC: 12    Str: 22    XL:     7   Next: 89%
Magic:  7/7        EV: 13    Int: 14    God:
Gold:   256        SH:  0    Dex: 13    Spells: 6/6 levels left

rFire    + . .     SeeInvis .   a - +0 war axe
rCold    x . .     Gourm    .   (no shield)
rNeg     + . .     Faith    .   r - +1 ring mail {rPois}
rPois    ∞         Spirit   .   c - +0 helmet
rElec    +         Reflect  .   (no cloak)
rCorr    .         Harm     .   (no gloves)
MR       .....                  s - +2 pair of boots
Stlth    +.........             (no amulet)
HPRegen  0.13/turn              i - +5 ring of intelligence
MPRegen  0.10/turn              q - ring of fire

@: mighty, corroded
A: negative energy resistance 1, electricity resistance, unbreathing,
petrification resistance, rot immunity, AC +4
a: no special abilities


You were on level 4 of the Dungeon.
You were not hungry.

You visited 1 branch of the dungeon, and saw 4 of its levels.

You collected 256 gold pieces.

Inventory:

Hand Weapons
 a - a +0 war axe (weapon)
Missiles
 d - 5 throwing nets (quivered)
 p - 24 poisoned needles
Armour
 c - a +0 helmet (worn)
 r - a +1 ring mail of poison resistance (worn)
 s - a +2 pair of boots (worn)
Jewellery
 b - an uncursed ring of ice
 i - a +5 ring of intelligence (left hand)
 q - a ring of fire (right hand)
Scrolls
 e - 2 scrolls of fear {unknown}
 h - 2 scrolls of teleportation {unknown}
 o - a scroll of remove curse {unknown}
 u - a scroll of enchant weapon {unknown}
 w - a scroll of identify
Potions
 g - a potion of might
 k - 3 potions of flight
 n - a potion of degeneration {unknown}
 t - a potion of agility
 v - a potion of curing {unknown}
Comestibles
 f - 5 rations


   Skills:
 - Level 2.6 Fighting
 * Level 5.9 Axes
 - Level 1.7 Throwing
 + Level 4.4 Armour
 + Level 4.3 Dodging


You had 6 spell levels left.
You didn't know any spells.
Your spell library was empty.

Dungeon Overview and Level Annotations

Branches:
Dungeon (4/15)
 Temple: D:4-7

Altars:
Gozag
Vehumet

Annotations:
D:4 Pikel


Innate Abilities, Weirdness & Mutations

You are resistant to torment.
Your stone body is resilient. (AC +4)
You are immune to poison.
You resist negative energy. (rN+)
You are resistant to electric shocks. (rElec)
You can survive without breathing.
You are immune to petrification.
You are immune to rotting.


Message History

You miss the slave.
The slave is heavily wounded.
You slash Pikel! Pikel hits you but does no damage.
The slave hits you but does no damage.
You bump into the rock wall.
Pikel zaps a wand.
The bolt of acid hits you! The acid corrodes you!
You are splashed with acid!
Pikel hits you but does no damage. The slave closely misses you.
You barely miss the slave.
The slave is heavily wounded.
You slash Pikel!
You feel less invigorated.
You feel less confused. Pikel completely misses you. The slave hits you.
Pikel hits you with a +2 whip of freezing.
* * * LOW HITPOINT WARNING * * *
Pikel freezes you.
* * * LOW HITPOINT WARNING * * *
You feel much better.
Pikel zaps a wand.
The bolt of acid hits you!!
* * * LOW HITPOINT WARNING * * *
You are splashed with acid!
You die... ..#..####### ..... .##.## ...... ###.####### ...... ........... .... ###.####### #... ###.# pp#

#...# ##p#
#)### ##Kp#
#.# #.@## ..#
#.## ..# #.#
..# ####.#
..#######
#....#
#...#...#
##.####
###.....#
#..# ### #
###...###.##
#..
#####...##[.#
#.#


You could see Pikel and 4 slaves.

Vanquished Creatures
  The ghost of jerryfan the Poker, an amateur MfAK of Lugonu (D:3)
  An ogre (D:4)
  A scorpion (D:4)
  A water moccasin skeleton (D:4)
  A howler monkey (D:4)
  Natasha (thrice) (D:2)
  An iguana (D:4)
  An orc wizard (D:3)
  4 worker ants
  6 gnolls
  7 adders
  3 oozes
  An adder skeleton (D:4)
  3 worms
  2 dart slugs (D:1)
  6 orcs
  A ball python (D:4)
  3 giant cockroaches
  5 goblins
  9 hobgoblins
  4 jackals (D:2)
  A quokka (D:3)
  12 bats
  2 frilled lizards
  10 kobolds
  5 rats
94 creatures vanquished.

Notes
Turn   | Place    | Note
-------+----------+-------------------------------------------
     0 | D:1      | Borgoz the Gargoyle Gladiator began the quest for the Orb.
     0 | D:1      | Reached XP level 1. HP: 12/12 MP: 1/1
   134 | D:1      | Reached XP level 2. HP: 18/18 MP: 2/2
   382 | D:1      | Reached skill level 1 in Armour
   486 | D:1      | Reached skill level 3 in Axes
   556 | D:1      | Reached XP level 3. HP: 22/22 MP: 3/3
   809 | D:2      | Noticed Natasha
   817 | D:2      | Killed Natasha
   911 | D:2      | Noticed Natasha
   915 | D:2      | Killed Natasha
   915 | D:2      | Reached XP level 4. HP: 19/27 MP: 4/4
   940 | D:2      | Noticed Natasha
   950 | D:2      | Killed Natasha
  1353 | D:2      | Reached XP level 5. HP: 31/31 MP: 5/5
  1714 | D:3      | Reached skill level 4 in Axes
  2013 | D:3      | Found a runed translucent door.
  2017 | D:3      | Reached XP level 6. HP: 22/36 MP: 6/6
  2023 | D:3      | Noticed jerryfan's ghost (amateur MfAK)
  2132 | D:3      | Found a radiant altar of Vehumet.
  2132 | D:3      | Found an opulent altar of Gozag.
  2446 | D:3      | Killed jerryfan's ghost
  2503 | D:3      | Reached skill level 5 in Axes
  2506 | D:3      | Reached XP level 7. HP: 19/40 MP: 7/7
  3094 | D:4      | Noticed Pikel
  3106 | D:4      | Splashed by Pikel's acid

Skill      XL: |  1  2  3  4  5  6  7 |
---------------+----------------------+-----
Armour         | 1 2 3 4 |  4.4
Axes           | 3 4 5 |  5.9
Dodging        | 3 4 |  4.3
Fighting       | |  2.6
Throwing       | |  1.7

Action                   |  1- 3 |  4- 6 |  7- 9 || total
-------------------------+-------+-------+-------++-------
Melee: War axe           |    73 |   206 |    73 ||   352
  Use: Scroll            |       |     4 |     2 ||     6
       Potion            |       |     2 |     3 ||     5
  Eat: Chunk             |       |     6 |     2 ||     8
Armor: Leather armour    |    36 |    23 |       ||    59
       Ring mail         |       |    85 |    42 ||   127
Dodge: Dodged            |    67 |   148 |    73 ||   288
